 Dungeon Crawl Stone Soup version 0.30-a0-358-g0d69a1922f (webtiles) character file.

Game seed: 13915146118176541877

6295 Manisia the Slicer (level 10, 0/49 HPs)
             Began as a Spriggan Enchanter on Nov 10, 2022.
             Was a Follower of Dithmenos.
             Slain by a yak (14 damage)
             ... on level 8 of the Dungeon.
             The game lasted 00:17:02 (8602 turns).

Manisia the Slicer (Spriggan Enchanter)             Turns: 8602, Time: 00:17:02

Health: 0/49       AC:  5    Str:  4    XL:     10   Next: 63%
Magic:  19/21      EV: 20    Int: 18    God:    Dithmenos [*.....]
Gold:   342        SH:  0    Dex: 19    Spells: 15/23 levels left

rFire   . . .      SeeInvis +    p - +2 dagger (venom)
rCold   . . .      Faith    .    (no shield)
rNeg    . . .      Spirit   .    b - +0 robe
rPois   .          Reflect  .    (helmet restricted)
rElec   .          Harm     .    m - +2 cloak
rCorr   +          Rampage  .    (gloves unavailable)
Will    +....                    (boots unavailable)
Stlth   ++++++....               (no amulet)
HPRegen 0.28/turn                x - ring of resist corrosion
MPRegen 0.17/turn                (no ring)

@: wreathed by umbra, invisible, very quick
A: very small, no large weapons, unfitting armour, see invisible, speed 3
a: Renounce Religion


You were on level 8 of the Dungeon.
You worshipped Dithmenos.
Dithmenos was aware of your devotion.
You visited 2 branches of the dungeon, and saw 10 of its levels.
You also visited: Ossuary.

You collected 342 gold pieces.

Inventory:

Hand Weapons
 a - a +1 dagger
 n - a +2 dagger of venom
 p - a +2 dagger of venom (weapon)
 E - a +0 dagger of electrocution
Missiles
 j - 14 poisoned darts (quivered)
 u - 3 throwing nets
 A - 3 silver javelins
Armour
 b - a +0 robe (worn)
 m - a +2 cloak (worn)
 D - +0 steam dragon scales
Jewellery
 x - a ring of resist corrosion (left hand)
 z - a ring of wizardry
Wands
 h - a wand of roots (6)
 C - a wand of polymorph (3)
Scrolls
 k - 3 scrolls of teleportation
 r - a scroll of butterflies
 y - 3 scrolls of poison
Potions
 c - 2 potions of invisibility
 d - 2 potions of brilliance
 e - a potion of attraction
 f - 2 potions of degeneration
 g - 2 potions of lignification
 i - 2 potions of flight
 l - 3 potions of might
 o - a potion of haste {unknown}
 q - a potion of heal wounds {unknown}
 s - a potion of cancellation {unknown}
 t - 3 potions of curing
 v - a potion of mutation {unknown}
 w - a potion of berserk rage {unknown}
 B - a potion of ambrosia {unknown}


   Skills:
 - Level 3.0 Fighting
 - Level 10.0 Short Blades
 - Level 5.0 Dodging
 - Level 10.0 Stealth
 + Level 7.1 Spellcasting
 + Level 2.4 Conjurations
 + Level 6.9 Hexes
 + Level 3.0 Ice Magic
 - Level 8.1 Evocations


You had 15 spell levels left.
You knew the following spells:

 Your Spells              Type           Power      Damage    Failure   Level
a - Ensorcelled Hibernat  Hex/Ice        48%        N/A       1%          2
b - Confusing Touch       Hex            31%        N/A       1%          3
c - Dazzling Flash        Conj/Hex       46%        N/A       4%          3

Your spell library contained the following spells:

 Spells                   Type           Power      Damage    Failure   Level
 Tukima's Dance           Hex            31%        N/A       1%          3


Dungeon Overview and Level Annotations

Branches:
Dungeon (9/15)             Temple (1/1) D:7         Ossuary (visited)
   Lair: D:8-11         Orc: D:9-12

Altars:
Cheibriados
Dithmenos
Elyvilon
Fedhas
Gozag
Hepliaklqana
Kikubaaqudgha
Makhleb
Nemelex Xobeh
Okawaru
Qazlal
Ru
Sif Muna
Trog
Uskayaw
Vehumet
Wu Jian
Xom
Yredelemnul
Zin
The Shining One

Shops:
D:1 *   D:7 [

Annotations:
D:6 2 transporters
D:7 1 runed translucent door, sirJeffrey23's ghost, novice FoFi


Innate Abilities, Weirdness & Mutations

You are very small and have problems with some larger weapons.
You are too small for most types of armour.
You have supernaturally acute eyesight. (SInv)
You cover ground extremely quickly. (Speed+++)


Message History

You kill the kobold!
Dithmenos accepts your kill.
The helpless kobold fails to defend itself.
You stick the kobold like a pincushion!!!!
You kill the kobold!
Dithmenos accepts your kill.
Things that are here:
a +0 dagger of electrocution; a kobold corpse; a yak corpse
E - a +0 dagger of electrocution
There is a stone staircase leading down here.
You climb downwards.
The yak gores you! x2; The kobold closely misses you.
There is a stone staircase leading up, spattered with blood here.
The killer bee barely misses you. The yak completely misses you.
The yak closely misses you. The kobold barely misses you.
The killer bee completely misses you.
You climb upwards.
There is a stone staircase leading down here.
You fade into invisibility!
The yak closely misses you. The kobold completely misses you.
The yak gores you!
* * * LOW HITPOINT WARNING * * *
You are too injured to fight recklessly!
You are too injured to fight recklessly!
You strike the helpless kobold from behind!
You skewer the kobold like a kebab!!!
You kill the kobold!
Dithmenos accepts your kill. The yak completely misses you.
The yak barely misses you. The killer bee closely misses you.
Things that are here:
a +0 short sword; a stone You hit the killer bee.
The killer bee is lightly wounded.
The killer bee misses you.
You strike the helpless killer bee from behind!
You impale the killer bee!!
You kill the killer bee!
Dithmenos accepts your kill.
You closely miss the yak. The yak barely misses you. The yak gores you!
You die...

#..#.#........# #..#
#..#.#..#.....######## #..#
#..#.#..#.#...#......#####..#
#..#.#..................(#..#####
#..#.#....#..........###.#.......
...............#.......#.#.######
###.##..#...##.#.#.###†#.#.######
.........).......÷..##.#)#.......
#.#.####...#...#@(.....#.########
..#...#........#YY######.#
#####.#......#.#)(.......#
.......).....#.#^#############
...##.###.####...............####
...##.# #.........[...######.....
#####.# #######.......# #..###
....#.# #.####..# #.....
###.#.#########.# #..# ##.###


You could see 2 yaks.

Vanquished Creatures
  2 two-headed ogres
  13 yaks
  2 steam dragons
  Menkaure (D:7)
  Duvessa (D:6)
  2 ice beasts
  A black bear (D:6)
  2 centaurs
  2 phantoms
  A kobold brigand (D:8)
  2 bullfrogs
  3 necrophages
  5 scorpions
  4 water moccasin zombies (Ossuary)
  Dowan (D:6)
  14 killer bees
  A jelly (D:5)
  4 hounds
  An orc priest (D:8)
  Crazy Yiuf (D:2)
  2 gnoll boudas
  An iguana (D:6)
  2 orc wizards
  2 mummies (Ossuary)
  7 gnolls
  5 adders
  2 shadow imps (D:6)
  A white imp (D:5)
  2 ufetubi
  4 adder zombies (Ossuary)
  7 dart slugs
  17 orcs
  4 ball pythons
  7 endoplasms
  3 giant cockroaches
  3 gnoll zombies (Ossuary)
  7 goblins
  7 hobgoblins
  7 jackals (D:1)
  13 kobolds
  8 bats
  3 frilled lizards
  4 hobgoblin zombies (Ossuary)
  3 kobold zombies (Ossuary)
  7 orc zombies (Ossuary)
  2 rats
193 creatures vanquished.

Vanquished Creatures (others)
  A howler monkey (D:6)
  A plant (D:1)
  2 withered plants (D:7)
4 creatures vanquished.

Grand Total: 197 creatures vanquished

Notes
Turn   | Place    | Note
-------+----------+-------------------------------------------
     0 | D:1      | Manisia the Spriggan Enchanter began the quest for the Orb.
     0 | D:1      | Reached XP level 1. HP: 9/9 MP: 5/5
    61 | D:1      | Reached XP level 2. HP: 8/13 MP: 6/6
    64 | D:1      | Learned a level 2 spell: Ensorcelled Hibernation
   585 | D:1      | Found Waempamumi's General Store.
   621 | D:1      | Reached skill level 5 in Stealth
   621 | D:1      | Reached XP level 3. HP: 16/16 MP: 8/8
   625 | D:1      | Learned a level 3 spell: Confusing Touch
  1171 | D:2      | Reached XP level 4. HP: 21/21 MP: 9/9
  1218 | D:2      | Learned a level 3 spell: Dazzling Flash
  1734 | D:2      | Found a runed translucent door.
  1735 | D:2      | Noticed Crazy Yiuf
  1741 | D:2      | Killed Crazy Yiuf
  2038 | D:3      | Identified the +1 leather armour "Ampett" {rN+ Int+5 Dex-5}
  2445 | D:3      | Reached XP level 5. HP: 24/24 MP: 8/11
  2865 | D:4      | Found a sand-covered staircase.
  2883 | Ossuary  | Entered an ossuary
  3059 | Ossuary  | Reached skill level 1 in Ice Magic
  3059 | Ossuary  | Reached XP level 6. HP: 20/29 MP: 9/13
  3162 | Ossuary  | Reached skill level 1 in Fighting
  3572 | D:4      | Reached skill level 5 in Hexes
  3572 | D:4      | Reached XP level 7. HP: 28/33 MP: 4/14
  3876 | D:5      | Entered Level 5 of the Dungeon
  3891 | D:5      | Reached skill level 5 in Short Blades
  4348 | D:5      | Reached skill level 5 in Spellcasting
  4576 | D:5      | Reached XP level 8. HP: 37/39 MP: 13/16
  4869 | D:6      | Found a transporter.
  5024 | D:6      | Found a transporter.
  5040 | D:6      | Noticed Duvessa
  5042 | D:6      | Noticed Dowan
  5045 | D:6      | Killed Duvessa
  5049 | D:6      | Killed Dowan
  5619 | D:7      | Found Willakk's Antique Armour Emporium.
  5677 | D:7      | Found a staircase to the Ecumenical Temple.
  5686 | Temple   | Entered the Ecumenical Temple
  5727 | Temple   | Became a worshipper of Dithmenos the Shadowed
  5999 | D:7      | Found a runed translucent door.
  5999 | D:7      | Noticed sirJeffrey23's ghost (novice FoFi)
  6024 | D:7      | Noticed a two-headed ogre
  6042 | D:7      | Killed a two-headed ogre
  6043 | D:7      | Reached skill level 10 in Short Blades
  6043 | D:7      | Reached skill level 1 in Conjurations
  6043 | D:7      | Reached XP level 9. HP: 35/44 MP: 13/17
  6070 | D:7      | Reached skill level 5 in Evocations
  6469 | D:7      | Noticed Menkaure
  6490 | D:7      | Killed Menkaure
  6941 | D:8      | Noticed a two-headed ogre
  6947 | D:8      | Killed a two-headed ogre
  6948 | D:8      | Reached XP level 10. HP: 49/49 MP: 10/19
  7110 | D:8      | Reached * piety under Dithmenos
  8383 | D:9      | Reached skill level 10 in Stealth
  8538 | D:8      | Reached skill level 5 in Dodging
  8602 | D:8      | Slain by a yak

Illustrated notes

Levels and vault maps discovered:
D:1:      wander_arrival_fairy_ring, layout_basic, serial_shops, shop_fountains
D:2:      layout_rooms, corexii_hall_statues_l, chequers_serial_rivers_room_b,
          uniq_crazy_yiuf_cottage
D:3:      layout_loops_ring
D:4:      layout_rooms, nicolae_ossuary_entry_ruins
D:5:      layout_basic
D:6:      gammafunk_steamed_eel, layout_rooms, serial_curves, eino_curves_03,
          eino_curves_01, wad_floor_pattern_untrapped, uniq_duvessa
D:7:      layout_loops_ring, minmay_temple_entry_slanted, serial_shops,
          nicolae_take_the_stairs, gammafunk_ghost_grave,
          hangedman_decor_diamond_cutter, uniq_menkaure
D:8:      layout_basic
D:9:      layout_long_grid, minivault_23, palyth_stone_intersect, uniq_maggie,
          uniq_pikel
Temple:   nicolae_temple_the_god_donut

Skill      XL: |  1  2  3  4  5  6  7  8  9 10 |
---------------+-------------------------------+-----
Hexes          | 4 5 6 |  6.9
Dodging        | 3 5 |  5.0
Spellcasting   | 3 4 5 7 |  7.1
Stealth        | 5 6 7 8 10 | 10.0
Short Blades   | 2 3 4 6 10 | 10.0
Ice Magic      | 1 2 3 |  3.0
Fighting       | 1 2 3 |  3.0
Conjurations   | 1 2 |  2.4
Evocations     | 3 8 |  8.1

Action                   |  1- 3 |  4- 6 |  7- 9 | 10-12 || total
-------------------------+-------+-------+-------+-------++-------
Melee: Dagger            |   126 |   202 |   229 |   111 ||   668
       Punch             |       |     2 |     6 |     2 ||    10
 Cast: Ensorcelled Hiber |    20 |    30 |    39 |    26 ||   115
       Dazzling Flash    |       |     2 |     3 |    10 ||    15
       Confusing Touch   |       |    10 |     9 |       ||    19
Evoke: Wand              |       |       |     1 |       ||     1
  Use: Scroll            |       |     8 |     7 |       ||    15
       Potion            |       |       |     1 |     2 ||     3
 Stab: Sleeping          |    23 |    34 |    24 |    15 ||    96
       Confused          |       |    10 |     7 |       ||    17
       Invisible         |       |       |     3 |     9 ||    12
       Distracted        |       |       |     1 |       ||     1
Armor: Robe              |    16 |    27 |    22 |    17 ||    82
Dodge: Dodged            |   100 |   145 |   131 |   164 ||   540

Table legend: (Time is in decaauts)
 A = Elapsed time spent in this place.
 B = Non-inter-level travel time spent in this place.
 C = Inter-level travel time spent in this place.
 D = Time resting spent in this place.
 E = Time spent auto-exploring this place.
 F = Levels seen in this place.
 G = Mean time per level.
                   A        B        C        D        E       F      G
               +--------+--------+--------+--------+--------+-----+--------+
         Total |   6503 |   6370 |    133 |    280 |   4822 |  11 |  591.2 |
       Dungeon |   5992 |   5866 |    126 |    280 |   4508 |   9 |  665.8 |
        Temple |    150 |    143 |      7 |      0 |    126 |   1 |  150.0 |
       Ossuary |    360 |    360 |      0 |      0 |    187 |   1 |  360.0 |
               +--------+--------+--------+--------+--------+-----+--------+

Top non-repeatable levels by time:
     D:8: 1359 daAuts
     D:2: 838 daAuts
     D:3: 719 daAuts
     D:5: 686 daAuts
     D:7: 647 daAuts
     D:6: 600 daAuts
     D:1: 586 daAuts
     D:4: 496 daAuts
 Ossuary: 360 daAuts
  Temple: 150 daAuts
     D:9: 58 daAuts
